Map: Green Acres

Players

Azimut - Winner!

  • Race: Protoss Protoss
  • Spawn Location: 9:00

JARO - Winner!

  • Race: Protoss Protoss
  • Spawn Location: 6:00

ForceForce - Winner!

  • Race: Terran Terran
  • League: Silver
  • Spawn Location: 7:00

Phoenix

  • Race: Terran Terran
  • Spawn Location: 3:00

Lakis

  • Race: Zerg Zerg
  • Spawn Location: 1:00

uihenficdech

  • Race: Protoss Protoss
  • Spawn Location: 12:00

VOD

Have the link to the VOD?

Description

Time

  • Played on: Feb. 3, 2017, 2:58 p.m.
  • Length: 13:32
Show
View Real Time Build Order
Export as new Build Order

Azimut Protoss - Winner!

Build Orders: 1 Gate Expand, Forge Fast Expand (FFE) 

Get SALT Encoding   

  12  0:06  Probe (Chrono Boost)  
  13  0:17  Probe (Chrono Boost)  
  13  0:21  Pylon  
  14  0:27  Probe (Chrono Boost)  
  15  0:39  Probe (Chrono Boost)  
  15  0:41  Gateway  
  16  0:50  Assimilator  
  16  0:59  Forge  
  16  1:15  Pylon  
  16  1:34  Nexus  
  16  1:45  Probe (Chrono Boost)  
  17  1:56  Probe (Chrono Boost)  
  18  2:05  Photon Cannon  
  18  2:13  Photon Cannon  
  18  2:25  Pylon  
  18  2:37  Photon Cannon  
  18  2:46  Pylon  
  18  2:51  Cybernetics Core  
  18  2:57  Probe (Chrono Boost)  
  19  3:06  Probe (Chrono Boost)  
  19  3:08  Probe (Chrono Boost)  
  21  3:17  Probe (Chrono Boost)  
  21  3:18  Probe (Chrono Boost)  
  23  3:23  Photon Cannon  
  23  3:28  Probe (Chrono Boost)  
  23  3:29  Probe (Chrono Boost), Photon Cannon  
  25  3:38  Probe (Chrono Boost)  
  25  3:39  Probe (Chrono Boost)  
  27  3:42  Assimilator  
  27  3:49  Twilight Council, Probe (Chrono Boost)  
  27  3:52  Zealot  
  30  3:59  Probe (Chrono Boost)  
  32  4:10  Probe (Chrono Boost)  
  32  4:21  Mothership Core (Chrono Boost)  
  34  4:28  Assimilator  
  34  4:32  Assimilator  
  34  4:39  Probe (Chrono Boost)  
  35  4:49  Probe (Chrono Boost)  
  36  5:00  Probe (Chrono Boost)  
  36  5:01  Zealot  
  39  5:10  Probe (Chrono Boost)  
  40  5:27  Pylon  
  40  5:28  Zealot  
  42  5:30  Probe (Chrono Boost), Pylon  
  43  5:40  Probe (Chrono Boost)  
  43  5:42  Gateway  
  44  5:44  Gateway  
  44  5:47  Gateway  
  44  5:51  Probe (Chrono Boost), Pylon  
  44  5:54  Pylon  
  44  5:55  Zealot  
  47  6:01  Probe (Chrono Boost)  
  48  6:12  Probe (Chrono Boost)  
  48  6:15  Protoss Shields Level 1  
  49  6:22  Stalker  
  51  6:52  Stalker  
  51  7:09  Zealot  
  51  7:10  Zealot x2  
  51  7:13  Charge  
  57  7:22  Zealot  
  59  7:36  Zealot  
  59  7:37  Zealot x2  
  65  7:49  Zealot  
  67  8:03  Zealot  
  67  8:04  Zealot x2  
  73  8:09  Protoss Ground Weapons Level 1  
  73  8:16  Zealot  
  75  8:22  Nexus  
  75  8:30  Assimilator, Zealot  
  75  8:31  Zealot x2  
  75  8:32  Assimilator  
  81  8:34  Pylon  
  81  8:37  Pylon  
  81  8:39  Pylon  
  81  8:42  Pylon  
  81  8:43  Zealot  
  81  8:44  Pylon  
  83  8:57  Zealot  
  83  8:58  Zealot x2  
  83  9:00  Photon Cannon x2  
  83  9:02  Photon Cannon  
  89  9:05  Photon Cannon  
  89  9:08  Photon Cannon  
  89  9:09  Photon Cannon  
  89  9:11  Photon Cannon  
  89  9:13  Photon Cannon  
  89  9:17  Photon Cannon x2  
  89  9:18  Photon Cannon  
  89  9:28  Photon Cannon  
  89  9:29  Photon Cannon  
  89  9:30  Photon Cannon  
  89  9:36  Pylon  
  89  9:39  Probe (Chrono Boost)  
  90  9:49  Probe (Chrono Boost)  
  90  9:52  Zealot x4  
  99  10:00  Probe (Chrono Boost)  
  99  10:03  Protoss Ground Armor Level 1  
  99  10:04  Pylon  
  99  10:06  Pylon  
  100  10:10  Probe (Chrono Boost)  
  101  10:19  Zealot x4  
  110  10:21  Probe (Chrono Boost)  
  110  10:23  Stargate  
  110  10:24  Stargate  
  110  10:46  Zealot x3  
  116  10:51  Zealot  
  72  11:13  Zealot  
  72  11:14  Zealot x2  
  72  11:18  Zealot  
  70  11:40  Zealot  
  70  11:41  Zealot x2  
  70  11:44  Robotics Facility  
  70  11:45  Zealot  
  78  12:07  Zealot  
  78  12:08  Zealot x2  
  84  12:12  Zealot  
  86  12:32  Warp Prism  
  86  12:34  Zealot  
  86  12:35  Zealot x2  
  94  12:39  Zealot  
  96  13:01  Zealot  
  96  13:02  Zealot, Stalker  
Show
View Real Time Build Order
Export as new Build Order

JARO Protoss - Winner!

Build Orders:  

Get SALT Encoding   

  12  0:02  Probe (Chrono Boost)  
  13  0:12  Probe (Chrono Boost)  
  14  0:23  Probe (Chrono Boost)  
  15  0:45  Pylon  
  15  1:03  Probe (Chrono Boost)  
  16  1:14  Probe (Chrono Boost)  
  16  1:16  Nexus  
  16  1:17  Gateway  
  17  1:24  Probe (Chrono Boost)  
  18  1:33  Forge  
  18  1:35  Probe (Chrono Boost)  
  18  1:39  Assimilator  
  19  1:45  Probe (Chrono Boost)  
  20  1:47  Pylon  
  20  1:56  Probe (Chrono Boost)  
  21  2:06  Probe (Chrono Boost)  
  22  2:11  Assimilator  
  22  2:14  Photon Cannon  
  22  2:18  Cybernetics Core  
  22  2:26  Pylon  
  22  2:28  Probe (Chrono Boost)  
  23  2:34  Probe (Chrono Boost)  
  24  2:40  Photon Cannon  
  24  2:47  Pylon  
  24  2:56  Mothership Core (Chrono Boost)  
  24  2:57  Pylon  
  26  3:00  Probe (Chrono Boost)  
  27  3:22  Pylon  
  27  3:26  Photon Cannon  
  27  3:32  Stargate  
  27  3:42  Pylon  
  27  3:45  Pylon  
  27  3:46  Probe (Chrono Boost)  
  28  3:54  Assimilator, Probe (Chrono Boost)  
  29  3:56  Probe (Chrono Boost)  
  29  3:58  Assimilator  
  30  4:05  Probe (Chrono Boost)  
  31  4:13  Void Ray  
  31  4:16  Probe (Chrono Boost)  
  32  4:20  Stargate  
  36  4:24  Probe (Chrono Boost)  
  36  4:30  Probe (Chrono Boost)  
  38  4:35  Probe (Chrono Boost)  
  40  4:53  Probe (Chrono Boost)  
  40  4:54  Pylon, Void Ray  
  40  4:59  Stargate  
  43  5:24  Probe (Chrono Boost)  
  44  5:30  Void Ray  
  44  5:35  Probe (Chrono Boost)  
  49  5:45  Probe (Chrono Boost)  
  49  5:49  Photon Cannon  
  50  5:50  Void Ray  
  50  5:52  Photon Cannon  
  54  5:57  Pylon  
  54  6:03  Probe (Chrono Boost), Stargate  
  55  6:05  Void Ray  
  55  6:10  Probe (Chrono Boost)  
  60  6:13  Probe (Chrono Boost)  
  61  6:28  Pylon  
  61  6:33  Pylon  
  61  6:34  Void Ray  
  61  6:36  Pylon  
  61  6:39  Void Ray  
  68  7:12  Protoss Air Weapons Level 1  
  68  7:26  Photon Cannon  
  68  7:31  Probe (Chrono Boost)  
  68  7:35  Protoss Shields Level 1  
  69  7:39  Void Ray  
  69  7:40  Void Ray x2  
  69  7:42  Probe (Chrono Boost)  
  82  7:58  Void Ray  
  86  8:08  Photon Cannon  
  86  8:10  Photon Cannon  
  86  8:12  Photon Cannon  
  74  9:43  Protoss Air Armor Level 1  
  74  9:47  Void Ray x2  
  74  9:48  Void Ray x2  
  90  10:30  Void Ray  
  94  10:36  Fleet Beacon  
  94  10:38  Twilight Council  
  94  10:40  Robotics Facility  
  94  10:42  Pylon  
  94  10:44  Assimilator, Void Ray, Pylon, Nexus  
  94  10:45  Assimilator, Void Ray  
  94  10:46  Pylon  
  94  10:47  Pylon  
  94  10:48  Pylon x2  
  102  10:50  Pylon  
  102  10:53  Pylon  
  90  12:22  Void Ray x4  
Show
View Real Time Build Order
Export as new Build Order

ForceForce Terran - Winner!

Build Orders: MMM Bio 

Get SALT Encoding   

  13  0:07  SCV  
  13  0:17  Supply Depot  
  13  0:19  SCV  
  14  0:31  SCV  
  15  0:42  Barracks  
  15  0:43  SCV  
  16  0:59  Barracks  
  16  1:02  SCV  
  17  1:09  Refinery  
  17  1:14  SCV  
  18  1:27  SCV  
  18  1:30  Marine  
  20  1:36  Supply Depot  
  20  1:40  SCV  
  21  1:47  Marine  
  22  1:54  Engineering Bay, Marine  
  23  2:05  Marine  
  23  2:06  Supply Depot  
  24  2:09  SCV  
  25  2:16  Marine  
  26  2:27  SCV  
  26  2:28  Barracks  
  27  2:35  Marine x2  
  27  2:36  Supply Depot  
  29  2:39  SCV  
  30  2:53  Marine x2  
  32  3:02  SCV  
  33  3:10  Factory  
  33  3:11  Marine x2  
  35  3:15  Barracks Tech Lab  
  35  3:20  Supply Depot, Orbital Command  
  35  3:29  Marine x2  
  37  3:34  Combat Shields  
  37  3:42  Marine  
  38  3:56  Refinery  
  38  4:01  Marauder  
  38  4:02  Marine  
  40  4:03  Marine  
  42  4:15  Starport  
  42  4:20  Marine x2  
  42  4:22  Marauder  
  46  4:38  Marine x2  
  46  4:40  Command Center  
  46  4:44  Marauder  
  50  4:46  Factory Tech Lab  
  50  5:02  Marine, SCV  
  50  5:03  Marine  
  50  5:04  Supply Depot  
  50  5:05  Starport Reactor, Marauder  
  55  5:14  Missile Turret  
  55  5:26  Marine x2, SCV  
  55  5:27  Supply Depot  
  55  5:28  Stimpack  
  58  5:38  SCV  
  59  5:43  Engineering Bay  
  59  5:46  Medivac  
  59  5:49  Missile Turret  
  61  5:55  Supply Depot  
  61  6:00  Orbital Command  
  61  6:09  Medivac  
  63  6:19  Missile Turret  
  63  6:29  Supply Depot  
  63  6:36  Marine x2  
  63  6:37  Marauder  
  67  6:43  Missile Turret  
  67  6:45  Terran Infantry Armor Level 1  
  67  6:52  SCV  
  67  6:53  Marine, SCV  
  70  6:57  Supply Depot  
  70  6:58  Marauder  
  72  7:04  SCV  
  72  7:07  Missile Turret  
  73  7:08  Refinery  
  73  7:18  Marine x2  
  73  7:20  Marauder  
  73  7:22  Viking  
  79  7:35  Armory  
  79  7:36  Marine x2  
  81  7:38  SCV x2  
  81  7:41  Marauder  
  85  7:50  SCV x2  
  87  7:54  Supply Depot  
  87  7:59  Marine x2  
  87  8:02  Marauder  
  87  8:04  Concussive Shells  
  91  8:09  Medivac x2  
  95  8:16  Supply Depot  
  95  8:17  Marine x2  
  97  8:23  Marine  
  97  8:25  Missile Turret  
  98  8:27  SCV x2  
  100  8:52  Missile Turret  
  87  9:13  Missile Turret  
  83  9:28  Marine x3  
  86  9:31  Viking  
  86  9:32  Medivac  
  90  9:46  Marine x2  
  90  9:47  Marauder  
  94  10:01  Viking  
  94  10:02  Medivac  
  94  10:03  Marine  
  94  10:04  Marine  
  100  10:08  Marauder  
  102  10:21  Marine  
  102  10:22  Marine  
  102  10:26  Terran Infantry Weapons Level 1  
  102  10:27  Terran Infantry Armor Level 2  
  104  10:29  Marine  
  104  10:30  Terran Vehicle Weapons Level 1  
  105  10:39  Marine x2  
  107  10:47  Marine  
  91  11:42  Marine x3  
  91  11:59  Viking  
  91  12:00  Medivac, Marine x3  
  76  12:18  Marine x3  
  79  12:29  Viking  
  81  12:35  Marine  
  81  12:36  Marauder, Marine  
  83  12:53  Marine x2  
  83  12:58  Marauder  
  87  13:11  Marine x2  
  90  13:24  Command Center  
Show
View Real Time Build Order
Export as new Build Order

Phoenix Terran 

Build Orders:  

Get SALT Encoding   

  12  0:09  Supply Depot  
  12  0:36  SCV  
  12  0:37  Refinery, Barracks  
  13  1:03  SCV  
  14  1:23  Refinery  
  14  1:29  Ghost Academy  
  14  1:33  Barracks Tech Lab  
  14  1:43  Orbital Command  
  16  2:00  Marine  
  15  2:18  Ghost  
  17  2:36  Factory  
  17  2:43  SCV  
  18  3:03  SCV  
  19  3:07  Marine  
  19  3:15  SCV  
  20  3:25  Command Center, Marine  
  21  3:30  Factory Tech Lab  
  21  3:40  Personal Cloaking  
  21  3:43  Marine  
  21  3:47  SCV  
  23  4:05  Supply Depot  
  23  4:26  Siege Tank  
  26  4:43  SCV  
  28  4:55  SCV  
  28  4:58  Siege Tank  
  28  4:59  Marauder  
  33  5:05  Nuke  
  33  5:08  SCV  
  31  5:20  SCV  
  31  5:21  Marauder  
  34  5:30  Siege Tank  
  34  5:32  SCV  
  38  5:42  Marauder  
  40  5:51  SCV  
  41  6:03  Marine  
  42  6:10  Cyclone, Starport  
  45  6:20  Command Center  
  45  6:21  Marine  
  46  6:36  Orbital Command  
  46  6:55  Marine  
  38  7:01  Supply Depot  
  38  7:13  Marine  
  39  7:25  Supply Depot  
  39  7:31  Factory  
  39  7:32  Starport Tech Lab  
  39  7:34  Siege Tank  
  42  7:49  Supply Depot  
  42  7:58  SCV, Armory  
  42  8:00  Refinery  
  43  8:06  Siege Tank  
  43  8:11  SCV  
  47  8:13  Supply Depot  
  47  8:23  SCV  
  48  8:32  Refinery  
  41  8:35  SCV  
  41  8:38  Siege Tank  
  39  8:47  SCV  
  37  8:59  SCV  
  38  9:11  Siege Tank, SCV  
  23  11:07  Engineering Bay  
Show
View Real Time Build Order
Export as new Build Order

Lakis Zerg 

Build Orders: Pool First 

Get SALT Encoding   

  12  0:01  Drone  
  13  0:17  Drone  
  14  0:34  Spawning Pool  
  13  0:36  Overlord  
  13  0:40  Drone  
  14  0:45  Extractor  
  14  0:46  Drone  
  14  0:54  Drone  
  15  1:09  Drone  
  15  1:10  Drone  
  17  1:25  Drone  
  18  1:38  Drone  
  19  1:40  Hatchery  
  19  1:41  Queen  
  19  1:45  Drone  
  21  1:55  Spore Crawler  
  21  1:58  Drone  
  21  2:03  Zergling x2  
  22  2:13  Overlord  
  22  2:34  Lair  
  22  2:36  Extractor  
  21  2:37  Drone x2  
  21  2:43  Evolution Chamber  
  22  2:49  Drone  
  22  2:50  Drone x3  
  26  2:56  Queen  
  26  2:58  Zergling x2  
  29  3:11  Zerg Ground Armor Level 1  
  29  3:15  Zergling x2  
  29  3:16  Zergling x2  
  31  3:24  Drone  
  32  3:28  Metabolic Boost  
  32  3:36  Drone x3  
  32  3:39  Drone  
  36  3:45  Overlord  
  36  3:57  Drone, Hydralisk Den  
  36  4:02  Evolution Chamber  
  35  4:03  Drone  
  35  4:08  Zergling x4  
  38  4:15  Zergling x2, Spore Crawler  
  38  4:27  Muscular Augments  
  38  4:32  Drone x3  
  38  4:38  Extractor  
  40  4:40  Overlord  
  40  4:41  Zergling x2  
  41  4:52  Drone x3  
  44  4:59  Drone x2  
  47  5:00  Drone  
  47  5:03  Drone x2, Extractor  
  48  5:13  Drone x4  
  52  5:21  Zerg Missile Weapons Level 1  
  52  5:23  Zerg Melee Weapons Level 1  
  52  5:27  Overlord  
  52  5:40  Overlord x2  
  52  5:47  Hydralisk  
  52  5:48  Hydralisk x3  
  60  5:53  Overlord  
  60  6:01  Hydralisk x3  
  66  6:05  Drone  
  66  6:07  Drone x2  
  69  6:11  Drone  
  69  6:14  Overlord  
  70  6:25  Hydralisk  
  70  6:26  Hydralisk x3  
  70  6:31  Zergling x4  
  70  6:32  Zergling x2  
  81  7:07  Overseer x3  
  81  7:09  Hatchery  
  81  7:13  Extractor x2  
  77  7:20  Pneumatized Carapace  
  77  7:29  Zergling x2  
  78  7:30  Zergling x20  
  78  7:33  Zerg Missile Weapons Level 2  
  78  7:34  Zerg Melee Weapons Level 2  
  88  7:38  Hydralisk  
  88  7:40  Overlord x3  
  90  7:52  Drone  
  91  8:20  Hydralisk x9  
  91  8:23  Queen  
  111  8:42  Hydralisk x2  
  111  8:43  Hydralisk x3  
  76  9:19  Lurker Den  
  76  9:22  Hydralisk x3, Baneling Nest  
  76  9:23  Hydralisk x5  
  91  9:33  Drone x3  
  91  9:36  Drone x5  
  99  9:49  Zerg Ground Armor Level 2  
  99  10:00  Zergling x22  
  99  10:04  Drone x2  
  112  10:10  Centrifical Hooks  
  112  10:12  Zergling x2  
  113  10:19  Overlord x4  
  113  10:20  Overlord  
  113  10:24  Baneling  
  113  10:25  Baneling x13  
  113  10:30  Baneling x4  
  113  10:31  Baneling x5  
  113  10:32  Overlord x3  
  113  10:39  Infestation Pit  
  113  10:41  Drone x5  
  117  10:53  Overseer  
  117  10:54  Overseer  
  104  11:15  Zergling x28  
  104  11:16  Zergling x4  
  93  11:25  Hydralisk x3  
  97  11:33  Hydralisk x3  
  97  11:35  Baneling  
  97  11:38  Baneling x6  
  97  11:39  Baneling x11  
  103  11:41  Baneling x5  
  103  11:44  Baneling x9  
  103  11:46  Hydralisk x5  
  113  11:55  Hydralisk x3  
Show
View Real Time Build Order
Export as new Build Order

uihenficdech Protoss 

Build Orders:  

Get SALT Encoding   

  12  0:04  Probe (Chrono Boost)  
  14  0:14  Probe (Chrono Boost)  
  14  0:25  Probe (Chrono Boost), Pylon  
  15  0:32  Pylon  
  15  0:43  Probe (Chrono Boost)  
  16  0:54  Probe (Chrono Boost)  
  17  1:04  Probe (Chrono Boost)  
  17  1:06  Forge  
  18  1:30  Assimilator  
  18  1:35  Assimilator  
  18  1:44  Gateway  
  18  1:46  Gateway  
  18  1:48  Gateway  
  19  2:01  Probe (Chrono Boost)  
  19  2:12  Probe (Chrono Boost)  
  20  2:22  Probe (Chrono Boost)  
  21  2:24  Pylon  
  21  2:27  Pylon  
  21  2:30  Pylon  
  21  2:33  Probe (Chrono Boost)  
  21  2:34  Pylon  
  22  2:49  Photon Cannon  
  22  2:53  Photon Cannon  
  22  2:55  Photon Cannon  
  22  3:13  Cybernetics Core  
  22  3:58  Twilight Council  
  22  4:02  Gateway  
  22  4:04  Gateway  
  22  4:07  Warp Gate  
  22  4:11  Gateway  
  22  4:16  Gateway  
  22  4:23  Pylon  
  22  4:30  Gateway  
  22  4:40  Blink  
  22  5:05  Probe (Chrono Boost)  
  23  5:11  Protoss Ground Armor Level 1  
  23  6:13  Stalker  
  23  6:14  Stalker  
  23  6:15  Stalker x2  
  23  6:16  Stalker x2  
  23  6:17  Stalker  
  23  6:18  Stalker  
  39  6:38  Stalker  
  39  6:39  Stalker  
  43  6:40  Stalker  
  43  6:41  Stalker  
  43  6:42  Stalker x2  
  43  6:43  Stalker x2  
  55  7:05  Protoss Ground Weapons Level 1  
  55  7:37  Stalker  
  55  7:38  Stalker x2  
  55  7:39  Stalker  
  55  7:40  Stalker x2  
  67  7:59  Pylon  
  67  9:13  Nexus  
  35  9:43  Stalker  
  35  9:44  Stalker  
  35  9:45  Stalker x2  
  41  9:46  Stalker  
  45  10:00  Stalker x2  
  45  10:01  Stalker  
  51  10:19  Stalker x2  
  55  10:22  Stalker  
  23  11:50  Stalker  
  23  11:51  Stalker  
  23  11:52  Stalker  
  23  11:53  Stalker x2  
  33  11:54  Stalker  
  33  11:55  Stalker x2  
  39  12:18  Stalker  
  39  12:19  Stalker  
  39  12:20  Stalker x2  
  39  12:22  Stalker  
  49  12:23  Stalker x2  
  49  12:24  Stalker  
  49  12:29  Mothership Core (Chrono Boost)  
  23  13:19  Probe (Chrono Boost)  
Tags
 
Add a new tag
Caveats
  • Supply blocks, unpowered buildings, or Contaminate may cause inaccurate times.
  • Supply counts are checked every 10 seconds.